 Dungeon Crawl Stone Soup version 0.29.1-1-gd02db6906a (webtiles) character file.

Game seed: 4791628176802129086

3033 zahami the Gusty (level 9, -2/62 HPs)
             Began as a Demigod Air Elementalist on Sept 17, 2022.
             Slain by a wolf (7 damage)
             ... led by Grum
             ... on level 8 of the Dungeon.
             The game lasted 01:01:44 (10618 turns).

zahami the Gusty (Demigod Air Elementalist)        Turns: 10618, Time: 01:01:47

Health: -2/62      AC:  6    Str: 13    XL:     9   Next: 30%
Magic:  14/24      EV: 12    Int: 28    God:
Gold:   261        SH:  0    Dex: 13    Spells: 6/21 levels left

rFire   . . .      SeeInvis .   o - +2 quarterstaff (chaos)
rCold   . . .      Faith    .   (shield currently unavailable)
rNeg    + . .      Spirit   .   a - +0 robe
rPois   .          Reflect  .   p - +1 helmet
rElec   .          Harm     .   e - +0 cloak
rCorr   .          Rampage  .   n - +0 pair of gloves
Will    +....                   (no boots)
Stlth   ++........              (no amulet)
HPRegen 0.20/turn               c - ring of positive energy
MPRegen 0.19/turn               h - ring of willpower

@: swift, quick
A: high MP 2, forlorn, divine attributes, strong 1, MP-powered wands
a: no special abilities


You were on level 8 of the Dungeon.
You visited 1 branch of the dungeon, and saw 8 of its levels.

You collected 351 gold pieces.
You spent 90 gold pieces at shops.

Inventory:

Hand Weapons
 f - a +1 flail
 o - a +2 quarterstaff of chaos (weapon)
 r - a +2 sling of flaming
 v - a +0 shortbow
 z - a +0 giant spiked club
Missiles
 g - 87 stones
 j - 9 poisoned darts (quivered)
Armour
 a - a +0 robe (worn)
 e - a +0 cloak (worn)
 n - a +0 pair of gloves (worn)
 p - a +1 helmet (worn)
 y - the +1 ring mail of Valour {rPois Str+5 Stlth+}
   (You found it on level 7 of the Dungeon)

   Str:       It affects your strength (+5).
   rPois:     It protects you from poison.
   Stlth:     It makes you more stealthy.
Magical Staves
 d - a staff of cold
Jewellery
 c - a ring of positive energy (left hand)
 h - a ring of willpower (right hand)
 G - a ring of protection from cold
Wands
 s - a wand of mindburst (16)
 A - a wand of charming (4)
 E - a wand of iceblast (10)
 F - a wand of flame (33)
Scrolls
 l - a scroll of magic mapping
 t - 2 scrolls of teleportation
 u - a scroll of identify
 w - a scroll of torment
 B - 2 scrolls of vulnerability {unknown}
 C - a scroll of fog {unknown}
 D - a scroll of enchant armour {unknown}
 H - a scroll of poison
 I - a scroll of acquirement {unknown}
Potions
 b - a potion of magic
 i - a potion of berserk rage
 m - 2 potions of might
 q - 4 potions of curing
 x - a potion of resistance


   Skills:
 - Level 2.0 Dodging
 - Level 2.0 Stealth
 + Level 6.7 Spellcasting
 + Level 7.0 Conjurations
 + Level 7.5 Air Magic


You had 6 spell levels left.
You knew the following spells:

 Your Spells              Type           Power      Damage    Failure   Level
a - Shock                 Conj/Air       100%       1d9       1%          1
b - Static Discharge      Conj/Air       50%        3-10/arc  1%          2
c - Swiftness             Air            51%        N/A       1%          3
d - Airstrike             Air            25%        2d(4-20)  2%          4
e - Poisonous Vapours     Pois/Air       60%        N/A       1%          2
f - Gell's Gravitas       Tloc           9%         N/A       17%         3

Your spell library contained the following spells:

 Spells                   Type           Power      Damage    Failure   Level
 Necrotise                Necr           36%        1d5       5%          1
 Sting                    Tmut/Pois      36%        1d4       5%          1
 Call Canine Familiar     Summ           9%         N/A       17%         3
 Lesser Beckoning         Tloc           9%         N/A       17%         3
 Portal Projectile        Hex/Tloc       18%        N/A       17%         3
 Teleport Other           Tloc           9%         N/A       17%         3
 Vampiric Draining        Necr           9%         2d6       17%         3
 Leda's Liquefaction      Hex/Erth       4%         N/A       50%         4
 Olgreb's Toxic Radiance  Pois           9%         N/A       50%         4
 Petrify                  Tmut/Erth      9%         N/A       50%         4
 Agony                    Necr           9%         N/A       83%         5
 Metabolic Englaciation   Hex/Ice        4%         N/A       83%         5
 Statue Form              Tmut/Erth      6%         N/A       100%        6


Dungeon Overview and Level Annotations

Branches:
Dungeon (8/15)             Temple (0/1) D:4
   Lair: D:8-11

Shops:
D:3 =   D:5 :

Annotations:
D:3 Natasha
D:8 Grum


Innate Abilities, Weirdness & Mutations

You have a considerably increased reservoir of magic. (+20% MP)
You shall have no god before yourself.
Your divine heritage dramatically boosts your attributes as you level up.
Your muscles are strong. (Str +4, Int/Dex -1)
You expend magic power (3 MP) to strengthen your wands.


Message History

The wolf bites you. The wolf misses you.
Casting: Shock (safe; 1% risk of failure)
Confirm with . or Enter, or press ? or * to list all spells.
You feel quick.
The wolf looks more healthy.
The wolf closely misses you.
Grum hits you from afar with a +1 spear!
The wolf closely misses you. The wolf attacks as you move away!
The wolf misses you. The wolf attacks as you move away!
The wolf barely misses you. The wolf attacks as you move away!
The wolf bites you!
* * * LOW HITPOINT WARNING * * *
The wolf bites you.
* * * LOW HITPOINT WARNING * * *
The wolf attacks as you move away! The wolf bites you but does no damage.
Casting: Swiftness (safe; 1% risk of failure)
Confirm with . or Enter, or press ? or * to list all spells.
Aiming: Shock (safe; 1% risk of failure)
Press: ? - help, Shift-Dir - straight line The zap hits the wolf.
The wolf is almost dead.
The zap misses the wolf.
The wolf misses you. The wolf bites you!
* * * LOW HITPOINT WARNING * * *
The wolf attacks as you move away! The wolf completely misses you.
Casting: Shock (safe; 1% risk of failure)
Confirm with . or Enter, or press ? or * to list all spells.
Aiming: Shock (safe; 1% risk of failure)
Press: ? - help, Shift-Dir - straight line
Okay, then.
Unknown command.
Unknown command.
Casting: Shock (safe; 1% risk of failure)
Confirm with . or Enter, or press ? or * to list all spells.
Aiming: Shock (safe; 1% risk of failure)
Press: ? - help, Shift-Dir - straight line The zap misses the wolf.
The zap hits Grum but does no damage.
Grum is lightly wounded.
The zap hits Grum.
Grum is moderately wounded.
The wolf bites you!
You die...

#.# ### #.# ##.##
#.# #.#.######.#
.#.........#
....######.# .#.##
#.# .#.##
#<######### ....#
#......@h.#
#...######.#######g#
##.........# #.#
#...##..#### #.#####
.#..##..# #h..g.#
.#..##..# #####h#
.#..##..# #.#
....##..# #.#
###.##..# #h#


You could see Grum and a wolf.

Vanquished Creatures
  A hornet (D:7)
  A steam dragon (D:7)
  2 water moccasins
  A black bear (D:7)
  2 ice beasts
  2 ogres (D:7)
  2 centaurs
  A wolf (D:8)
  A kobold brigand (D:8)
  3 bullfrogs
  A necrophage (D:6)
  3 scorpions
  9 killer bees (D:8)
  Crazy Yiuf (D:5)
  4 hounds
  A jelly (D:3)
  8 orc priests
  5 iguanas
  Natasha (D:3)
  6 orc wizards
  2 gnolls (D:1)
  5 adders
  A river rat (D:6)
  A white imp (D:6)
  An ufetubus (D:4)
  3 worms
  4 dart slugs
  24 orcs
  6 bats
  6 endoplasms
  2 giant cockroaches (D:6)
  6 goblins
  5 hobgoblins
  8 jackals
  4 quokkas
  5 ball pythons
  4 frilled lizards
  12 kobolds
  5 rats
159 creatures vanquished.

Notes
Turn   | Place    | Note
-------+----------+-------------------------------------------
     0 | D:1      | zahami the Demigod Air Elementalist began the quest for the
                  | Orb.
     0 | D:1      | Reached XP level 1. HP: 14/14 MP: 5/5
   165 | D:1      | Reached skill level 1 in Conjurations
   321 | D:1      | Reached XP level 2. HP: 20/20 MP: 0/7
   324 | D:1      | Learned a level 2 spell: Static Discharge
   865 | D:1      | Reached XP level 3. HP: 26/26 MP: 2/8
  1740 | D:1      | Gained mutation: You have a considerably increased
                  | reservoir of magic. (+20% MP) [potion of mutation]
  1740 | D:1      | Gained mutation: You expend magic power (3 MP) to
                  | strengthen your wands. [potion of mutation]
  1740 | D:1      | Gained mutation: Your muscles are strong. (Str +4, Int/Dex
                  | -1) [potion of mutation]
  2371 | D:2      | Learned a level 3 spell: Swiftness
  2791 | D:2      | Reached XP level 4. HP: 13/33 MP: 5/11
  3546 | D:3      | Noticed Natasha
  3554 | D:3      | Killed Natasha
  3841 | D:3      | Found Piusch's Jewellery Emporium.
  4003 | D:3      | Reached XP level 5. HP: 38/38 MP: 8/13
  4008 | D:3      | Learned a level 4 spell: Airstrike
  4274 | D:3      | Noticed Natasha
  4512 | D:4      | Noticed an ice beast
  4572 | D:4      | Killed an ice beast
  4573 | D:4      | Reached XP level 6. HP: 34/45 MP: 5/15
  4988 | D:4      | Found a staircase to the Ecumenical Temple.
  5148 | D:5      | Entered Level 5 of the Dungeon
  5568 | D:5      | Found a runed translucent door.
  5569 | D:5      | Noticed Crazy Yiuf
  5595 | D:5      | Killed Crazy Yiuf
  5766 | D:5      | Found Olios's Self-Improvement Boutique.
  5791 | D:5      | Reached XP level 7. HP: 30/50 MP: 10/17
  5944 | D:5      | Noticed a fire elemental
  5950 | D:5      | Noticed an air elemental
  5959 | D:5      | Noticed a water elemental
  6195 | D:5      | Reached skill level 5 in Air Magic
  6461 | D:5      | Identified the +7 great sword "Gafime" {vamp, Will+ rCorr}
  6805 | D:5      | Learned a level 2 spell: Poisonous Vapours
  7286 | D:6      | Reached skill level 5 in Conjurations
  7705 | D:6      | Reached skill level 5 in Spellcasting
  7705 | D:6      | Reached XP level 8. HP: 55/57 MP: 14/20
  7709 | D:6      | Learned a level 3 spell: Gell's Gravitas
  8221 | D:7      | Identified the +1 ring mail of Valour {rPois Str+5 Stlth+}
  8222 | D:7      | Noticed a hornet
  8229 | D:7      | Killed a hornet
  9039 | D:7      | Found Zin's Purification Station.
  9052 | D:7      | Bought a potion of curing for 90 gold pieces
  9719 | D:8      | Reached XP level 9. HP: 62/62 MP: 17/24
 10593 | D:8      | Noticed Grum
 10618 | D:8      | Slain by a wolf

Illustrated notes

Levels and vault maps discovered:
D:1:      scummos_arrival_gate, layout_loops_corners,
          shapermc_ecumenical_altar_starsandcircs
D:2:      layout_basic, basic_altar
D:3:      layout_rooms, mainiacjoe_overflow_brackets, trog_three_pillars_becter,
          serial_shops, shop, minmay_curled_crystal, uniq_natasha
D:4:      layout_rooms, temple_hall
D:5:      layout_basic, nicolae_qazlal_style_of_elements,
          nicolae_shop_self_help, uniq_crazy_yiuf_cottage
D:6:      layout_loops_ring, gup_sewer_entry_spiral
D:7:      layout_basic, zin_purify
D:8:      layout_loops_ring, chequers_serial_rivers_micro_b, uniq_gastronok,
          uniq_grum

Skill      XL: |  1  2  3  4  5  6  7  8  9 |
---------------+----------------------------+-----
Conjurations   | 1 2 3 4 5 6 7 |  7.0
Dodging        | 2 |  2.0
Stealth        | 2 |  2.0
Spellcasting   | 2 3 4 5 6 |  6.7
Air Magic      | 3 4 5 7 |  7.5

Action                   |  1- 3 |  4- 6 |  7- 9 || total
-------------------------+-------+-------+-------++-------
Melee: Flail             |    11 |     2 |       ||    13
       Quarterstaff      |       |     2 |     8 ||    10
Throw: Stone             |     2 |       |       ||     2
 Cast: Shock             |   117 |   130 |   138 ||   385
       Static Discharge  |       |     4 |    16 ||    20
       Swiftness         |       |     4 |     1 ||     5
       Airstrike         |       |     1 |    19 ||    20
       Poisonous Vapours |       |       |    12 ||    12
       Gell's Gravitas   |       |       |     1 ||     1
  Use: Potion            |     5 |     1 |     6 ||    12
       Scroll            |     4 |     6 |     3 ||    13
Armor: Robe              |    13 |    24 |    21 ||    58
Dodge: Dodged            |    32 |    93 |    58 ||   183
